Saguenéens vs Knights
Created - April 17, 2018 at 19:01
Goals
|
| Saguenéens |
1 |
3 |
1 |
1 |
6 |
| Knights |
0 |
1 |
4 |
0 |
5 |
|
Shots
|
| Saguenéens |
17 |
10 |
12 |
1 |
40 |
| Knights |
8 |
13 |
22 |
1 |
44 |
|
1st period
1. Saguenéens , Carson Mcmillan 42 (Zac Rinaldo 68, Mason Raymond 66) at 13:44
Penalties :
No Penalty
2nd period
2. Saguenéens , Zac Rinaldo 26 (Mason Raymond 67, Luke Witkowski 25) at 3:40
3. Saguenéens , Calle Andersson 1 (Juraj Mikus 45, Jake McCabe 32) at 4:51
4. Saguenéens , Nikita Kucherov 52 (Luke Witkowski 26, Carson Mcmillan 40) at 12:57 (SH)
5. Knights , Alan Quine 1 (Jaccob Slavin 21, Scott Wilson 12) at 15:25
Penalties :
Brett Lebda (Chi) for Slashing (Minor) at 11:17
3rd period
6. Knights , Jimmy Hayes 47 (A.J. Jenks 20, Brendan Gaunce 13) at 3:05 (PP)
7. Knights , Noel Acciari 23 (Kevin Hayes 31, Michael Raffl 60) at 5:08 (PP)
8. Saguenéens , Mason Raymond 42 (Luke Witkowski 27) at 5:42
9. Knights , Jimmy Hayes 48 (A.J. Jenks 21) at 11:24
10. Knights , Linden Vey 27 (Jared Spurgeon 37) at 19:08
Penalties :
Mikhail Grigorenko (Chi) for Boarding (Minor) at 1:31, Teemu Pulkkinen (Chi) for High sticking (Minor) at 4:28, Calle Andersson (Chi) for Hooking (Minor) at 16:11
Overtime #1
11. Saguenéens , Zac Rinaldo 27 (Brett Lebda 31) at 2:02
Penalties :
No Penalty
Goalie Stats
Mike Smith (Chi), 39 saves from 44 shots - (0.886), W, 38-18-1, 62:02 minutes
Ben Scrivens (Lon), 34 saves from 40 shots - (0.850), OTL, 24-23-6, 61:47 minutes
Players Stats for Saguenéens
Player Name G A P +/- PIM S H SB GA TA FO MP PP MP PK MP
------------------------------------------------------------------------------------
Artur Gavrus 0 0 0 0 0 0 0 0 0 0 0/0 0:12 0:00 0:00
Brett Lebda 0 1 1 0 2 0 2 4 0 0 0/0 29:14 0:00 2:22
Brody Sutter 0 0 0 0 0 0 0 0 0 0 0/0 0:18 0:00 0:00
Calle Andersson 1 0 1 1 2 1 1 0 0 0 0/0 13:16 0:00 1:03
Carl Hagelin 0 0 0 1 0 0 0 1 0 0 1/1 14:58 0:00 0:00
Carson Mcmillan 1 1 2 1 0 6 1 0 5 0 2/9 24:00 0:00 3:41
Craig Cunningham 0 0 0 -1 0 3 3 0 3 0 0/1 13:46 0:00 1:13
Henrik Samuelsson 0 0 0 -1 0 0 1 0 0 0 5/8 12:29 0:00 0:00
Jake McCabe 0 1 1 1 0 0 0 1 0 0 0/0 19:31 0:00 2:41
Jerry D'Amigo 0 0 0 0 0 0 1 1 0 0 0/0 7:14 0:00 0:00
Juraj Mikus 0 1 1 1 0 3 1 2 0 1 8/19 14:58 0:00 0:00
Luke Witkowski 0 3 3 2 0 3 1 2 0 1 0/0 25:11 0:00 3:31
Mason Raymond 1 2 3 1 0 10 1 0 2 0 1/1 24:00 0:00 3:41
Mikhail Grigorenko 0 0 0 0 2 0 0 0 0 0 0/2 7:13 0:00 0:00
Nicholas Walters 0 0 0 0 0 0 0 0 0 0 0/0 6:18 0:00 0:06
Nick Mattson 0 0 0 1 0 1 1 3 0 0 0/0 19:31 0:00 2:41
Nikita Kucherov 1 0 1 3 0 4 2 0 0 0 1/2 16:44 0:00 1:18
Patrick Sieloff 0 0 0 1 0 0 0 2 0 0 0/0 11:08 0:00 0:00
Rhett Rakhshani 0 0 0 -1 0 3 0 0 2 0 0/0 13:46 0:00 1:13
Teemu Pulkkinen 0 0 0 0 2 2 3 0 0 0 0/0 7:13 0:00 0:00
Zac Rinaldo 2 1 3 3 0 4 3 0 0 0 10/19 20:52 0:00 1:18
Players Stats for Knights
Player Name G A P +/- PIM S H SB GA TA FO MP PP MP PK MP
------------------------------------------------------------------------------------
A.J. Jenks 0 2 2 -1 0 1 3 0 0 1 1/2 17:21 3:25 0:00
Alan Quine 1 0 1 1 0 1 0 0 0 1 3/3 8:42 0:00 0:00
Brendan Gaunce 0 1 1 -2 0 1 0 0 0 1 7/13 17:52 3:25 0:00
Jaccob Slavin 0 1 1 1 0 2 0 0 0 1 0/0 16:12 1:37 0:00
Jacob Trouba 0 0 0 -3 0 0 0 3 1 1 0/0 21:02 1:37 0:00
Jared Spurgeon 0 1 1 -1 0 3 0 4 0 1 0/0 28:21 4:35 0:00
Jimmy Hayes 2 0 2 -1 0 3 3 0 0 0 0/0 17:32 3:25 0:00
Jordan Martinook 0 0 0 -2 0 1 0 0 0 0 0/0 11:44 0:00 0:00
Kevin Hayes 0 1 1 -1 0 3 3 0 1 0 1/1 21:50 2:47 0:00
Linden Vey 1 0 1 -2 0 6 1 2 0 0 0/0 12:38 0:00 0:00
Michael Matheson 0 0 0 1 0 2 1 2 0 1 0/0 14:25 0:00 0:00
Michael Raffl 0 1 1 -1 0 9 3 0 0 1 0/1 23:04 2:47 0:00
Noel Acciari 1 0 1 -1 0 5 0 0 0 0 20/39 23:07 2:47 0:00
Scott Wilson 0 1 1 2 0 4 0 0 0 0 0/0 9:05 0:00 0:00
Stefan Matteau 0 0 0 -2 0 1 1 0 0 0 1/2 11:44 0:00 0:00
Tom Wilson 0 0 0 2 0 0 0 0 0 1 1/1 9:25 0:00 0:00
Tomas Kundratek 0 0 0 -1 0 2 1 1 0 0 0/0 26:35 4:35 0:00
Zach Trotman 0 0 0 -3 0 0 2 1 0 3 0/0 17:29 0:00 0:00
3 Stars
1 - Zac Rinaldo (Chi)
2 - Mason Raymond (Chi)
3 - Luke Witkowski (Chi)
Power Play
Saguenéens - 0 on 0 Attempt(s) - 0.00%
Knights - 2 on 4 Attempt(s) - 50.00%
Penalty Kill
Saguenéens - 2 on 4 Attempt(s) - 50.00%
- Score 1 goal in Penalty Kill
Knights - 0 on 0 Attempt(s) - 0.00%
- Score 0 goal in Penalty Kill
Team Stat
Saguenéens - Hits : 21 - Faceoff Wins : 28 - Blocked Shots : 16 - Penalty Minutes : 8
Knights - Hits : 18 - Faceoff Wins : 34 - Blocked Shots : 13 - Penalty Minutes : 0
Official
Referees : Furlatt Eric and Peel Tim
Linesman : Jay Sharrers and Lyle Seitz
Game Notes
No Game Note
Finance
Level 1 -- Attendance: 1540 (77.00%) -- Ticket Income $46,200
Level 2 -- Attendance: 681 (68.10%) -- Ticket Income $10,215
Total Attendance: 2221 (74.03%)
Total Ticket Income: $56,415
Other Income: $2,821
Total Income: $59,236
Saguenéens
5 vs 5 Forward
Center Left Wing Right Wing Time % Phy DF OF
1 Zac Rinaldo Mason Raymond Carson Mcmillan 40 1 2 2
2 Juraj Mikus Carl Hagelin Nikita Kucherov 30 1 2 2
3 Henrik Samuelsson Craig Cunningham Rhett Rakhshani 20 1 2 2
4 Mikhail Grigorenko Teemu Pulkkinen Jerry D'Amigo 10 1 2 2
5 vs 5 Defense
Defense Defense Time % Phy DF OF
1 Brett Lebda Luke Witkowski 40 1 2 2
2 Jake McCabe Nick Mattson 30 1 2 2
3 Patrick Sieloff Calle Andersson 20 1 2 2
4 Nicholas Walters Brett Lebda 10 1 2 2
PowerPlay Forward
Center Left Wing Right Wing Time % Phy DF OF
1 Zac Rinaldo Mason Raymond Carson Mcmillan 60 1 2 2
2 Juraj Mikus Carl Hagelin Nikita Kucherov 40 1 2 2
PowerPlay Defense
Defense Defense Time % Phy DF OF
1 Brett Lebda Luke Witkowski 60 1 2 2
2 Jake McCabe Nick Mattson 40 1 2 2
Penalty Kill 4 Players Forward
Center Wing Time % Phy DF OF
1 Carson Mcmillan Mason Raymond 60 1 2 2
2 Nikita Kucherov Zac Rinaldo 40 1 2 2
Penalty Kill 4 Players Defense
Defense Defense Time % Phy DF OF
1 Brett Lebda Luke Witkowski 60 1 2 2
2 Jake McCabe Nick Mattson 40 1 2 2
Penalty Kill - 3 Players Forward
Forward Time % Phy DF OF
1 Carson Mcmillan 60 1 2 2
2 Mason Raymond 40 1 2 2
Penalty Kill - 3 Players Defense
Defense Defense Time % Phy DF OF
1 Brett Lebda Luke Witkowski 60 1 2 2
2 Jake McCabe Nick Mattson 40 1 2 2
4 vs 4 Forward
Center Wing Time % Phy DF OF
1 Carson Mcmillan Mason Raymond 60 1 2 2
2 Nikita Kucherov Zac Rinaldo 40 1 2 2
4 vs 4 Defense
Defense Defense Time % Phy DF OF
1 Brett Lebda Luke Witkowski 60 1 2 2
2 Jake McCabe Nick Mattson 40 1 2 2
Last Minutes Offensive
Center Left Wing Right Wing Defense Defense
Zac Rinaldo Mason Raymond Carson Mcmillan Brett Lebda Luke Witkowski
Last Minutes Defensive
Center Left Wing Right Wing Defense Defense
Zac Rinaldo Mason Raymond Carson Mcmillan Brett Lebda Luke Witkowski
Goaltenders
Starting : Mike Smith
Backup : Martin Jones
Extra Forwards
Normal : Brody Sutter, Artur Gavrus, Rhett Rakhshani - PP : Brody Sutter, Artur Gavrus - PK : Rhett Rakhshani
Extra Defensemen
Normal : Patrick Sieloff, Calle Andersson, Nicholas Walters - PP : Patrick Sieloff - PK : Calle Andersson, Nicholas Walters
Penalty Shots
Carson Mcmillan, Mason Raymond, Nikita Kucherov, Zac Rinaldo, Carl Hagelin
Scratches
Tanner Richard (Strained Left Knee Injury), Garret Sparks (Healthy)
Knights
5 vs 5 Forward
Center Left Wing Right Wing Time % Phy DF OF
1 Noel Acciari Michael Raffl Kevin Hayes 40 1 2 2
2 Brendan Gaunce A.J. Jenks Jimmy Hayes 30 1 2 2
3 Stefan Matteau Jordan Martinook Linden Vey 20 1 2 2
4 Alan Quine Scott Wilson Tom Wilson 10 1 2 2
5 vs 5 Defense
Defense Defense Time % Phy DF OF
1 Jared Spurgeon Tomas Kundratek 40 1 2 2
2 Zach Trotman Jacob Trouba 32 1 2 2
3 Jaccob Slavin Michael Matheson 20 1 2 2
4 Jacob Trouba Jared Spurgeon 8 1 2 2
PowerPlay Forward
Center Left Wing Right Wing Time % Phy DF OF
1 Noel Acciari Michael Raffl Kevin Hayes 60 1 2 2
2 Brendan Gaunce A.J. Jenks Jimmy Hayes 40 1 2 2
PowerPlay Defense
Defense Defense Time % Phy DF OF
1 Jared Spurgeon Tomas Kundratek 60 1 2 2
2 Jacob Trouba Jaccob Slavin 40 1 2 2
Penalty Kill 4 Players Forward
Center Wing Time % Phy DF OF
1 Kevin Hayes Michael Raffl 60 1 2 2
2 Noel Acciari Jimmy Hayes 40 1 2 2
Penalty Kill 4 Players Defense
Defense Defense Time % Phy DF OF
1 Jared Spurgeon Tomas Kundratek 60 1 2 2
2 Zach Trotman Jacob Trouba 40 1 2 2
Penalty Kill - 3 Players Forward
Forward Time % Phy DF OF
1 Noel Acciari 60 1 2 2
2 Jimmy Hayes 40 1 2 2
Penalty Kill - 3 Players Defense
Defense Defense Time % Phy DF OF
1 Jared Spurgeon Zach Trotman 60 1 2 2
2 Jacob Trouba Tomas Kundratek 40 1 2 2
4 vs 4 Forward
Center Wing Time % Phy DF OF
1 Noel Acciari Michael Raffl 60 1 2 2
2 Brendan Gaunce Linden Vey 40 1 2 2
4 vs 4 Defense
Defense Defense Time % Phy DF OF
1 Jared Spurgeon Tomas Kundratek 60 1 2 2
2 Jacob Trouba Zach Trotman 40 1 2 2
Last Minutes Offensive
Center Left Wing Right Wing Defense Defense
Noel Acciari Michael Raffl Kevin Hayes Jared Spurgeon Tomas Kundratek
Last Minutes Defensive
Center Left Wing Right Wing Defense Defense
Noel Acciari Michael Raffl Kevin Hayes Jared Spurgeon Tomas Kundratek
Goaltenders
Starting : Ben Scrivens
Backup : Magnus Hellberg
Extra Forwards
Normal : Tom Wilson, Jimmy Hayes, Michael Raffl - PP : Tom Wilson, Michael Raffl - PK : Michael Raffl
Extra Defensemen
Normal : Jared Spurgeon, Zach Trotman, Jacob Trouba - PP : Jared Spurgeon - PK : Tomas Kundratek, Jacob Trouba
Penalty Shots
Michael Raffl, Noel Acciari, Jimmy Hayes, Tom Wilson, Kevin Hayes
Scratches
Cody Bass (Sprained Right Ankle Injury), Zach Budish (Healthy), Jordan Weal (Healthy), Collin Miller (Healthy), Matt Puempel (Healthy)
David Shields (Healthy), Matthew Benning (Healthy), Matt Grzelcyk (Healthy), Brett Connolly (Healthy), Travis Boyd (Healthy)
Scott Jackson (Healthy), Nikita Nikitin (Healthy), Connor Knapp (Healthy)
% Time on Ice - Saguenéens
Lines # - Real PCT - Wanted PCT - Time Play
Normal Forward
1 - 35% - 40% - 18:43
2 - 28% - 30% - 14:58
3 - 23% - 20% - 12:29
4 - 14% - 10% - 7:14
Normal Defense
1 - 38% - 40% - 20:24
2 - 30% - 30% - 16:04
3 - 20% - 20% - 10:44
4 - 12% - 10% - 6:12
PP Forward
1 - 0% - 60%
2 - 0% - 40%
PP Defense
1 - 0% - 60%
2 - 0% - 40%
PK Forward
1 - 79% - 60% - 4:54
2 - 21% - 40% - 1:18
PK Defense
1 - 57% - 60% - 3:31
2 - 43% - 40% - 2:41
PK3 Forward
1 - 0% - 60%
2 - 0% - 40%
PK3 Defense
1 - 0% - 60%
2 - 0% - 40%
44 Forward
1 - 72% - 60% - 1:28
2 - 28% - 40% - 0:34
44 Defense
1 - 62% - 60% - 1:16
2 - 38% - 40% - 0:46
Last Minute Offensive - 0:00
Last Minute Defensive - 0:24
Total
Forward - 62:02
Defense - 62:02
|
% Time on Ice - Knights
Lines # - Real PCT - Wanted PCT - Time Play
Normal Forward
1 - 36% - 40% - 19:03
2 - 26% - 30% - 13:56
3 - 22% - 20% - 11:44
4 - 16% - 10% - 8:42
Normal Defense
1 - 38% - 40% - 20:30
2 - 32% - 32% - 17:03
3 - 26% - 20% - 14:06
4 - 3% - 8% - 1:46
PP Forward
1 - 45% - 60% - 2:47
2 - 55% - 40% - 3:25
PP Defense
1 - 74% - 60% - 4:35
2 - 26% - 40% - 1:37
PK Forward
1 - 0% - 60%
2 - 0% - 40%
PK Defense
1 - 0% - 60%
2 - 0% - 40%
PK3 Forward
1 - 0% - 60%
2 - 0% - 40%
PK3 Defense
1 - 0% - 60%
2 - 0% - 40%
44 Forward
1 - 75% - 60% - 1:31
2 - 25% - 40% - 0:31
44 Defense
1 - 66% - 60% - 1:20
2 - 34% - 40% - 0:42
Last Minute Offensive - 0:23
Last Minute Defensive - 0:00
Total
Forward - 62:02
Defense - 62:02
|
Play by Play
1st period
0:01 of 1st period - Zac Rinaldo wins face-off versus Noel Acciari in neutral zone.
0:49 of 1st period - Jacob Trouba is hit by Jerry D'Amigo and loses puck.
0:58 of 1st period - Snap shot by Mikhail Grigorenko.
0:58 of 1st period - Deflect By Teemu Pulkkinen.
0:58 of 1st period - Stopped by Ben Scrivens with a rebound.
1:07 of 1st period - Off-side.
1:08 of 1st period - Alan Quine wins face-off versus Henrik Samuelsson in neutral zone.
1:13 of 1st period - Snap shot by Scott Wilson.
1:13 of 1st period - Shot Misses the Net.
1:34 of 1st period - Alan Quine is hit by Henrik Samuelsson and loses puck.
1:49 of 1st period - Wrist shot by Alan Quine.
1:49 of 1st period - Shot Misses the Net.
3:04 of 1st period - Slapshot by Craig Cunningham.
3:04 of 1st period - Stopped by Ben Scrivens without a rebound.
3:05 of 1st period - Noel Acciari wins face-off versus Zac Rinaldo in Knights zone.
3:14 of 1st period - Wrist shot by Michael Raffl.
3:14 of 1st period - Stopped by Mike Smith without a rebound.
3:15 of 1st period - Zac Rinaldo wins face-off versus Noel Acciari in Saguenéens zone.
3:52 of 1st period - Wrist shot by Carson Mcmillan.
3:52 of 1st period - Stopped by Ben Scrivens with a rebound.
3:54 of 1st period - Wrist shot by Zac Rinaldo.
3:54 of 1st period - Stopped by Ben Scrivens without a rebound.
3:55 of 1st period - Juraj Mikus wins face-off versus Brendan Gaunce in Knights zone.
4:47 of 1st period - Luke Witkowski is hit by Jimmy Hayes and loses puck.
5:06 of 1st period - Brett Lebda is hit by Kevin Hayes and loses puck.
5:44 of 1st period - Kevin Hayes is hit by Teemu Pulkkinen and loses puck.
6:01 of 1st period - Jaccob Slavin is hit by Zac Rinaldo and loses puck.
6:14 of 1st period - Snap shot by Mason Raymond.
6:14 of 1st period - Shot Misses the Net.
6:16 of 1st period - Snap shot by Henrik Samuelsson.
6:16 of 1st period - Shot Misses the Net.
6:18 of 1st period - Snap shot by Rhett Rakhshani.
6:18 of 1st period - Shot Blocked by Michael Matheson.
7:16 of 1st period - Wrist shot by Brett Lebda.
7:16 of 1st period - Deflect By Craig Cunningham.
7:16 of 1st period - Shot Blocked by Jared Spurgeon.
7:16 of 1st period - Puck is out of play.
7:17 of 1st period - Alan Quine wins face-off versus Henrik Samuelsson in Knights zone.
7:34 of 1st period - Snap shot by Rhett Rakhshani.
7:34 of 1st period - Stopped by Ben Scrivens without a rebound.
7:35 of 1st period - Zac Rinaldo wins face-off versus Noel Acciari in Knights zone.
7:53 of 1st period - Zac Rinaldo is hit by Zach Trotman and loses puck.
8:18 of 1st period - Wrist shot by Carson Mcmillan.
8:18 of 1st period - Stopped by Ben Scrivens with a rebound.
8:28 of 1st period - Wrist shot by Mason Raymond.
8:28 of 1st period - Shot Misses the Net.
8:30 of 1st period - Slapshot by Luke Witkowski.
8:30 of 1st period - Deflect By Michael Raffl.
8:30 of 1st period - Stopped by Ben Scrivens with a rebound.
8:58 of 1st period - Snap shot by Mason Raymond.
8:58 of 1st period - Stopped by Ben Scrivens with a rebound.
9:00 of 1st period - Slapshot by Carson Mcmillan.
9:00 of 1st period - Stopped by Ben Scrivens with a rebound.
9:26 of 1st period - Wrist shot by Mason Raymond.
9:26 of 1st period - Deflect By Zac Rinaldo.
9:26 of 1st period - Shot Misses the Net.
9:26 of 1st period - Puck is out of play.
9:27 of 1st period - Brendan Gaunce wins face-off versus Juraj Mikus in Knights zone.
9:34 of 1st period - Snap shot by Jimmy Hayes.
9:34 of 1st period - Shot Misses the Net.
9:52 of 1st period - Jared Spurgeon is hit by Teemu Pulkkinen.
9:56 of 1st period - Snap shot by Linden Vey.
9:56 of 1st period - Shot Misses the Net.
9:58 of 1st period - Slapshot by Michael Matheson.
9:58 of 1st period - Shot Misses the Net.
10:00 of 1st period - Slapshot by Jaccob Slavin.
10:00 of 1st period - Shot Blocked by Patrick Sieloff.
10:02 of 1st period - Slapshot by Michael Matheson.
10:02 of 1st period - Shot Blocked by Jerry D'Amigo.
10:20 of 1st period - Snap shot by Rhett Rakhshani.
10:20 of 1st period - Shot Misses the Net.
10:53 of 1st period - Wrist shot by Linden Vey.
10:53 of 1st period - Stopped by Mike Smith with a rebound.
10:55 of 1st period - Snap shot by Linden Vey.
10:55 of 1st period - Stopped by Mike Smith with a rebound.
11:20 of 1st period - Icing by Jared Spurgeon.
11:21 of 1st period - Brendan Gaunce wins face-off versus Juraj Mikus in Knights zone.
11:28 of 1st period - Wrist shot by Nikita Kucherov.
11:28 of 1st period - Shot Misses the Net.
11:30 of 1st period - Wrist shot by Carl Hagelin.
11:30 of 1st period - Shot Misses the Net.
11:32 of 1st period - Snap shot by Juraj Mikus.
11:32 of 1st period - Stopped by Ben Scrivens with a rebound.
11:43 of 1st period - Icing by Jared Spurgeon.
11:44 of 1st period - Brendan Gaunce wins face-off versus Mikhail Grigorenko in Knights zone.
11:57 of 1st period - Slapshot by Linden Vey.
11:57 of 1st period - Stopped by Mike Smith with a rebound.
11:59 of 1st period - Slapshot by Jared Spurgeon.
11:59 of 1st period - Stopped by Mike Smith without a rebound.
12:00 of 1st period - Brendan Gaunce wins face-off versus Juraj Mikus in Saguenéens zone.
12:03 of 1st period - Snap shot by A.J. Jenks.
12:03 of 1st period - Shot Blocked by Juraj Mikus.
12:05 of 1st period - Slapshot by Jared Spurgeon.
12:05 of 1st period - Stopped by Mike Smith without a rebound.
12:06 of 1st period - Juraj Mikus wins face-off versus Brendan Gaunce in Saguenéens zone.
12:17 of 1st period - Wrist shot by Nikita Kucherov.
12:17 of 1st period - Stopped by Ben Scrivens without a rebound.
12:18 of 1st period - Noel Acciari wins face-off versus Zac Rinaldo in Knights zone.
13:17 of 1st period - Jimmy Hayes is hit by Carson Mcmillan and loses puck.
13:42 of 1st period - Snap shot by Carson Mcmillan.
13:42 of 1st period - Shot Misses the Net.
13:44 of 1st period - Snap shot by Carson Mcmillan.
13:44 of 1st period - Goal by Carson Mcmillan - Saguenéens : 1 - Knights : 0.
13:45 of 1st period - Noel Acciari wins face-off versus Juraj Mikus in neutral zone.
13:54 of 1st period - Wrist shot by Michael Raffl.
13:54 of 1st period - Shot Misses the Net.
14:41 of 1st period - Brett Lebda is hit by A.J. Jenks and loses puck.
16:17 of 1st period - Slapshot by Mason Raymond.
16:17 of 1st period - Shot Blocked by Jared Spurgeon.
16:23 of 1st period - Slapshot by Mason Raymond.
16:23 of 1st period - Stopped by Ben Scrivens without a rebound.
16:24 of 1st period - Zac Rinaldo wins face-off versus A.J. Jenks in Knights zone.
16:27 of 1st period - Snap shot by Mason Raymond.
16:27 of 1st period - Stopped by Ben Scrivens without a rebound.
16:28 of 1st period - Zac Rinaldo wins face-off versus Brendan Gaunce in Knights zone.
16:37 of 1st period - Wrist shot by Mason Raymond.
16:37 of 1st period - Stopped by Ben Scrivens with a rebound.
18:13 of 1st period - Snap shot by Brendan Gaunce.
18:13 of 1st period - Stopped by Mike Smith with a rebound.
18:45 of 1st period - Snap shot by Mason Raymond.
18:45 of 1st period - Stopped by Ben Scrivens with a rebound.
18:47 of 1st period - Slapshot by Luke Witkowski.
18:47 of 1st period - Stopped by Ben Scrivens without a rebound.
18:48 of 1st period - Noel Acciari wins face-off versus Juraj Mikus in Knights zone.
18:59 of 1st period - Wrist shot by Michael Raffl.
18:59 of 1st period - Shot Misses the Net.
19:01 of 1st period - Slapshot by Tomas Kundratek.
19:01 of 1st period - Stopped by Mike Smith with a rebound.
19:03 of 1st period - Slapshot by Jared Spurgeon.
19:03 of 1st period - Shot Blocked by Nick Mattson.
19:17 of 1st period - Off-side.
19:18 of 1st period - Henrik Samuelsson wins face-off versus Michael Raffl in neutral zone.
19:33 of 1st period - Slapshot by Rhett Rakhshani.
19:33 of 1st period - Shot Misses the Net.
Goals for this period are 1 for Saguenéens vs 0 for Knights.
Shots for this period are 17 for Saguenéens vs 8 for Knights.
2nd period
0:01 of 2nd period - Juraj Mikus wins face-off versus Noel Acciari in neutral zone.
0:50 of 2nd period - Snap shot by Jimmy Hayes.
0:50 of 2nd period - Shot Blocked by Brett Lebda.
1:01 of 2nd period - Luke Witkowski is hit by Michael Matheson and loses puck.
1:26 of 2nd period - Slapshot by Brett Lebda.
1:26 of 2nd period - Shot Blocked by Michael Matheson.
1:35 of 2nd period - Off-side.
1:36 of 2nd period - Zac Rinaldo wins face-off versus Stefan Matteau in neutral zone.
2:03 of 2nd period - Slapshot by Nikita Kucherov.
2:03 of 2nd period - Stopped by Ben Scrivens with a rebound.
2:05 of 2nd period - Snap shot by Juraj Mikus.
2:05 of 2nd period - Shot Misses the Net.
2:25 of 2nd period - Noel Acciari is hit by Nick Mattson and loses puck.
2:32 of 2nd period - Rhett Rakhshani is hit by Tomas Kundratek and loses puck.
2:52 of 2nd period - Icing by Scott Wilson.
2:53 of 2nd period - Alan Quine wins face-off versus Juraj Mikus in Knights zone.
3:01 of 2nd period - Off-side.
3:02 of 2nd period - Kevin Hayes wins face-off versus Juraj Mikus in neutral zone.
3:13 of 2nd period - Slapshot by Michael Raffl.
3:13 of 2nd period - Shot Misses the Net.
3:15 of 2nd period - Wrist shot by Kevin Hayes.
3:15 of 2nd period - Stopped by Mike Smith with a rebound.
3:17 of 2nd period - Wrist shot by Noel Acciari.
3:17 of 2nd period - Deflect By Michael Raffl.
3:17 of 2nd period - Stopped by Mike Smith with a rebound.
3:33 of 2nd period - Zach Trotman is hit by Brett Lebda and loses puck.
3:38 of 2nd period - Wrist shot by Mason Raymond.
3:38 of 2nd period - Stopped by Ben Scrivens with a rebound.
3:40 of 2nd period - Snap shot by Zac Rinaldo.
3:40 of 2nd period - Goal by Zac Rinaldo - Saguenéens : 2 - Knights : 0.
3:41 of 2nd period - Noel Acciari wins face-off versus Juraj Mikus in neutral zone.
4:11 of 2nd period - Snap shot by Zach Trotman.
4:11 of 2nd period - Shot Blocked by Brett Lebda.
4:49 of 2nd period - Snap shot by Juraj Mikus.
4:49 of 2nd period - Stopped by Ben Scrivens with a rebound.
4:51 of 2nd period - Slapshot by Calle Andersson.
4:51 of 2nd period - Deflect By Zach Trotman.
4:51 of 2nd period - Goal by Calle Andersson - Saguenéens : 3 - Knights : 0.
4:52 of 2nd period - Juraj Mikus wins face-off versus Noel Acciari in neutral zone.
4:55 of 2nd period - Wrist shot by Brett Lebda.
4:55 of 2nd period - Shot Blocked by Jared Spurgeon.
4:57 of 2nd period - Snap shot by Brett Lebda.
4:57 of 2nd period - Shot Blocked by Tomas Kundratek.
5:03 of 2nd period - Snap shot by Nikita Kucherov.
5:03 of 2nd period - Stopped by Ben Scrivens without a rebound.
5:04 of 2nd period - Juraj Mikus wins face-off versus Noel Acciari in Knights zone.
5:29 of 2nd period - Jared Spurgeon is hit by Teemu Pulkkinen and loses puck.
5:34 of 2nd period - Wrist shot by Mikhail Grigorenko.
5:34 of 2nd period - Shot Misses the Net.
5:36 of 2nd period - Snap shot by Jerry D'Amigo.
5:36 of 2nd period - Deflect By Teemu Pulkkinen.
5:36 of 2nd period - Shot Misses the Net.
5:36 of 2nd period - Puck is out of play.
5:37 of 2nd period - Brendan Gaunce wins face-off versus Juraj Mikus in Knights zone.
5:50 of 2nd period - Snap shot by Jimmy Hayes.
5:50 of 2nd period - Shot Blocked by Juraj Mikus.
5:52 of 2nd period - Slapshot by A.J. Jenks.
5:52 of 2nd period - Shot Misses the Net.
6:02 of 2nd period - Jake McCabe is hit by Zach Trotman and loses puck.
6:09 of 2nd period - Wrist shot by Scott Wilson.
6:09 of 2nd period - Shot Misses the Net.
6:11 of 2nd period - Wrist shot by Scott Wilson.
6:11 of 2nd period - Deflect By Tom Wilson.
6:11 of 2nd period - Shot Misses the Net.
6:11 of 2nd period - Puck is out of play.
6:12 of 2nd period - Zac Rinaldo wins face-off versus Noel Acciari in Saguenéens zone.
6:21 of 2nd period - Snap shot by Noel Acciari.
6:21 of 2nd period - Stopped by Mike Smith with a rebound.
6:24 of 2nd period - Icing by Luke Witkowski.
6:25 of 2nd period - Noel Acciari wins face-off versus Zac Rinaldo in Saguenéens zone.
6:28 of 2nd period - Slapshot by Michael Raffl.
6:28 of 2nd period - Stopped by Mike Smith with a rebound.
7:15 of 2nd period - Slapshot by Mason Raymond.
7:15 of 2nd period - Shot Blocked by Linden Vey.
7:23 of 2nd period - Wrist shot by Linden Vey.
7:23 of 2nd period - Shot Blocked by Brett Lebda.
7:25 of 2nd period - Snap shot by Stefan Matteau.
7:25 of 2nd period - Deflect By Linden Vey.
7:25 of 2nd period - Shot Blocked by Brett Lebda.
7:25 of 2nd period - Puck is out of play.
7:26 of 2nd period - Noel Acciari wins face-off versus Juraj Mikus in Saguenéens zone.
7:27 of 2nd period - Wrist shot by Kevin Hayes.
7:27 of 2nd period - Deflect By Noel Acciari.
7:27 of 2nd period - Stopped by Mike Smith without a rebound.
7:28 of 2nd period - Carl Hagelin wins face-off versus Noel Acciari in Saguenéens zone.
7:53 of 2nd period - Nick Mattson is hit by Stefan Matteau and loses puck.
8:04 of 2nd period - Wrist shot by Carl Hagelin.
8:04 of 2nd period - Shot Blocked by Linden Vey.
8:18 of 2nd period - Snap shot by Jimmy Hayes.
8:18 of 2nd period - Shot Misses the Net.
8:21 of 2nd period - Icing by Nikita Kucherov.
8:22 of 2nd period - Juraj Mikus wins face-off versus Noel Acciari in Saguenéens zone.
8:31 of 2nd period - Snap shot by Juraj Mikus.
8:31 of 2nd period - Stopped by Ben Scrivens without a rebound.
8:32 of 2nd period - Mason Raymond wins face-off versus Noel Acciari in Knights zone.
8:43 of 2nd period - Slapshot by Mason Raymond.
8:43 of 2nd period - Shot Misses the Net.
8:45 of 2nd period - Snap shot by Zac Rinaldo.
8:45 of 2nd period - Shot Misses the Net.
9:22 of 2nd period - Snap shot by Jordan Martinook.
9:22 of 2nd period - Stopped by Mike Smith with a rebound.
9:28 of 2nd period - Jacob Trouba is hit by Brett Lebda and loses puck.
9:47 of 2nd period - Wrist shot by Zac Rinaldo.
9:47 of 2nd period - Shot Blocked by Zach Trotman.
9:49 of 2nd period - Slapshot by Carson Mcmillan.
9:49 of 2nd period - Stopped by Ben Scrivens with a rebound.
9:51 of 2nd period - Snap shot by Carson Mcmillan.
9:51 of 2nd period - Shot Misses the Net.
10:05 of 2nd period - Slapshot by Jacob Trouba.
10:05 of 2nd period - Shot Misses the Net.
10:07 of 2nd period - Slapshot by Tom Wilson.
10:07 of 2nd period - Shot Blocked by Nick Mattson.
10:11 of 2nd period - Slapshot by Scott Wilson.
10:11 of 2nd period - Stopped by Mike Smith without a rebound.
10:12 of 2nd period - Zac Rinaldo wins face-off versus Noel Acciari in Saguenéens zone.
10:58 of 2nd period - Snap shot by Stefan Matteau.
10:58 of 2nd period - Stopped by Mike Smith without a rebound.
10:59 of 2nd period - Stefan Matteau wins face-off versus Craig Cunningham in Saguenéens zone.
11:00 of 2nd period - Slapshot by Linden Vey.
11:00 of 2nd period - Shot Misses the Net.
11:17 of 2nd period - Minor Penalty to Brett Lebda for Slashing.
11:18 of 2nd period - Noel Acciari wins face-off versus Carson Mcmillan in Saguenéens zone.
11:21 of 2nd period - Snap shot by Noel Acciari.
11:21 of 2nd period - Deflect By Michael Raffl.
11:21 of 2nd period - Stopped by Mike Smith with a rebound.
11:23 of 2nd period - Wrist shot by Noel Acciari.
11:23 of 2nd period - Shot Blocked by Luke Witkowski.
11:25 of 2nd period - Slapshot by Jared Spurgeon.
11:25 of 2nd period - Stopped by Mike Smith with a rebound.
12:57 of 2nd period - Slapshot by Nikita Kucherov.
12:57 of 2nd period - Goal by Nikita Kucherov - Saguenéens : 4 - Knights : 0.
12:58 of 2nd period - Brendan Gaunce wins face-off versus Carson Mcmillan in neutral zone.
13:17 of 2nd period - Penalty to Brett Lebda is over, Brett Lebda is back on ice.
13:23 of 2nd period - Jared Spurgeon is hit by Juraj Mikus and loses puck.
14:32 of 2nd period - Snap shot by Jordan Martinook.
14:32 of 2nd period - Shot Blocked by Nick Mattson.
14:48 of 2nd period - Nick Mattson is hit by Kevin Hayes and loses puck.
15:25 of 2nd period - Wrist shot by Alan Quine.
15:25 of 2nd period - Goal by Alan Quine - Saguenéens : 4 - Knights : 1.
15:26 of 2nd period - Zac Rinaldo wins face-off versus Noel Acciari in neutral zone.
15:29 of 2nd period - Noel Acciari is hit by Zac Rinaldo and loses puck.
16:20 of 2nd period - Wrist shot by Linden Vey.
16:20 of 2nd period - Shot Misses the Net.
16:22 of 2nd period - Wrist shot by Zach Trotman.
16:22 of 2nd period - Shot Blocked by Carl Hagelin.
16:24 of 2nd period - Backhand shot by Jacob Trouba.
16:24 of 2nd period - Shot Misses the Net.
16:26 of 2nd period - Slapshot by Jacob Trouba.
16:26 of 2nd period - Shot Misses the Net.
16:36 of 2nd period - Wrist shot by Alan Quine.
16:36 of 2nd period - Shot Misses the Net.
17:08 of 2nd period - Snap shot by Michael Raffl.
17:08 of 2nd period - Stopped by Mike Smith with a rebound.
17:20 of 2nd period - Snap shot by Nikita Kucherov.
17:20 of 2nd period - Shot Misses the Net.
17:26 of 2nd period - Jimmy Hayes is hit by Nikita Kucherov and loses puck.
18:05 of 2nd period - Snap shot by Teemu Pulkkinen.
18:05 of 2nd period - Stopped by Ben Scrivens without a rebound.
18:06 of 2nd period - Noel Acciari wins face-off versus Mikhail Grigorenko in Knights zone.
18:59 of 2nd period - Jared Spurgeon is hit by Craig Cunningham and loses puck.
19:34 of 2nd period - Noel Acciari is hit by Calle Andersson and loses puck.
19:57 of 2nd period - Slapshot by Linden Vey.
19:57 of 2nd period - Stopped by Mike Smith with a rebound.
Goals for this period are 3 for Saguenéens vs 1 for Knights.
Shots for this period are 10 for Saguenéens vs 13 for Knights.
3rd period
0:01 of 3rd period - Noel Acciari wins face-off versus Carson Mcmillan in neutral zone.
0:26 of 3rd period - Luke Witkowski is hit by A.J. Jenks and loses puck.
0:49 of 3rd period - Backhand shot by Luke Witkowski.
0:49 of 3rd period - Shot Blocked by Jacob Trouba.
0:51 of 3rd period - Slapshot by Luke Witkowski.
0:51 of 3rd period - Shot Misses the Net.
0:53 of 3rd period - Snap shot by Luke Witkowski.
0:53 of 3rd period - Shot Blocked by Jacob Trouba.
0:55 of 3rd period - Snap shot by Henrik Samuelsson.
0:55 of 3rd period - Shot Misses the Net.
0:57 of 3rd period - Slapshot by Rhett Rakhshani.
0:57 of 3rd period - Deflect By Stefan Matteau.
0:57 of 3rd period - Stopped by Ben Scrivens with a rebound.
1:31 of 3rd period - Minor Penalty to Mikhail Grigorenko for Boarding.
1:32 of 3rd period - Noel Acciari wins face-off versus Carson Mcmillan in Saguenéens zone.
1:32 of 3rd period - Wrist shot by Kevin Hayes.
1:32 of 3rd period - Stopped by Mike Smith with a rebound.
1:34 of 3rd period - Wrist shot by Tomas Kundratek.
1:34 of 3rd period - Shot Misses the Net.
1:36 of 3rd period - Wrist shot by Noel Acciari.
1:36 of 3rd period - Stopped by Mike Smith with a rebound.
2:13 of 3rd period - Slapshot by Nikita Kucherov.
2:13 of 3rd period - Shot Misses the Net.
2:49 of 3rd period - Wrist shot by Tomas Kundratek.
2:49 of 3rd period - Shot Misses the Net.
3:05 of 3rd period - Wrist shot by Jimmy Hayes.
3:05 of 3rd period - Goal by Jimmy Hayes - Saguenéens : 4 - Knights : 2.
3:06 of 3rd period - Noel Acciari wins face-off versus Zac Rinaldo in neutral zone.
4:15 of 3rd period - Slapshot by Scott Wilson.
4:15 of 3rd period - Deflect By Jerry D'Amigo.
4:15 of 3rd period - Stopped by Mike Smith with a rebound.
4:17 of 3rd period - Slapshot by Alan Quine.
4:17 of 3rd period - Shot Misses the Net.
4:19 of 3rd period - Slapshot by Michael Matheson.
4:19 of 3rd period - Shot Misses the Net.
4:21 of 3rd period - Snap shot by Jaccob Slavin.
4:21 of 3rd period - Stopped by Mike Smith with a rebound.
4:23 of 3rd period - Snap shot by Jaccob Slavin.
4:23 of 3rd period - Shot Misses the Net.
4:28 of 3rd period - Minor Penalty to Teemu Pulkkinen for High sticking.
4:29 of 3rd period - Carson Mcmillan wins face-off versus Brendan Gaunce in Saguenéens zone.
4:55 of 3rd period - Luke Witkowski is hit by Michael Raffl and loses puck.
5:08 of 3rd period - Wrist shot by Noel Acciari.
5:08 of 3rd period - Goal by Noel Acciari - Saguenéens : 4 - Knights : 3.
5:09 of 3rd period - Juraj Mikus wins face-off versus Noel Acciari in neutral zone.
5:12 of 3rd period - Slapshot by Luke Witkowski.
5:12 of 3rd period - Stopped by Ben Scrivens with a rebound.
5:22 of 3rd period - Juraj Mikus is hit by Kevin Hayes and loses puck.
5:37 of 3rd period - Jared Spurgeon is hit by Zac Rinaldo and loses puck.
5:42 of 3rd period - Snap shot by Mason Raymond.
5:42 of 3rd period - Goal by Mason Raymond - Saguenéens : 5 - Knights : 3.
5:43 of 3rd period - Noel Acciari wins face-off versus Zac Rinaldo in neutral zone.
5:48 of 3rd period - Slapshot by Mason Raymond.
5:48 of 3rd period - Stopped by Ben Scrivens with a rebound.
5:54 of 3rd period - Michael Raffl is hit by Mason Raymond and loses puck.
6:09 of 3rd period - Zac Rinaldo is hit by Linden Vey and loses puck.
6:16 of 3rd period - Snap shot by Brett Lebda.
6:16 of 3rd period - Shot Blocked by Jared Spurgeon.
6:18 of 3rd period - Snap shot by Zac Rinaldo.
6:18 of 3rd period - Stopped by Ben Scrivens without a rebound.
6:19 of 3rd period - A.J. Jenks wins face-off versus Nikita Kucherov in Knights zone.
6:45 of 3rd period - Wrist shot by Nick Mattson.
6:45 of 3rd period - Shot Misses the Net.
8:01 of 3rd period - Wrist shot by Nikita Kucherov.
8:01 of 3rd period - Shot Misses the Net.
8:31 of 3rd period - Snap shot by Alan Quine.
8:31 of 3rd period - Shot Misses the Net.
8:33 of 3rd period - Slapshot by Jaccob Slavin.
8:33 of 3rd period - Shot Blocked by Patrick Sieloff.
8:35 of 3rd period - Snap shot by Jaccob Slavin.
8:35 of 3rd period - Shot Misses the Net.
8:37 of 3rd period - Backhand shot by Jaccob Slavin.
8:37 of 3rd period - Stopped by Mike Smith without a rebound.
8:38 of 3rd period - Noel Acciari wins face-off versus Zac Rinaldo in Saguenéens zone.
9:24 of 3rd period - Wrist shot by Linden Vey.
9:24 of 3rd period - Shot Misses the Net.
9:26 of 3rd period - Backhand shot by Linden Vey.
9:26 of 3rd period - Stopped by Mike Smith with a rebound.
9:28 of 3rd period - Slapshot by Michael Matheson.
9:28 of 3rd period - Stopped by Mike Smith with a rebound.
9:30 of 3rd period - Slapshot by Michael Matheson.
9:30 of 3rd period - Stopped by Mike Smith without a rebound.
9:31 of 3rd period - Noel Acciari wins face-off versus Zac Rinaldo in Saguenéens zone.
10:41 of 3rd period - Snap shot by Mason Raymond.
10:41 of 3rd period - Stopped by Ben Scrivens with a rebound.
10:43 of 3rd period - Wrist shot by Nick Mattson.
10:43 of 3rd period - Stopped by Ben Scrivens with a rebound.
10:47 of 3rd period - Wrist shot by Carson Mcmillan.
10:47 of 3rd period - Shot Blocked by Jacob Trouba.
10:49 of 3rd period - Wrist shot by Mason Raymond.
10:49 of 3rd period - Stopped by Ben Scrivens without a rebound.
10:50 of 3rd period - Juraj Mikus wins face-off versus Noel Acciari in Knights zone.
10:59 of 3rd period - Snap shot by Michael Raffl.
10:59 of 3rd period - Stopped by Mike Smith with a rebound.
11:17 of 3rd period - Brett Lebda is hit by Jimmy Hayes and loses puck.
11:24 of 3rd period - Wrist shot by Jimmy Hayes.
11:24 of 3rd period - Goal by Jimmy Hayes - Saguenéens : 5 - Knights : 4.
11:25 of 3rd period - Noel Acciari wins face-off versus Juraj Mikus in neutral zone.
11:51 of 3rd period - Rhett Rakhshani is hit by A.J. Jenks.
11:55 of 3rd period - Jimmy Hayes is hit by Craig Cunningham and loses puck.
12:20 of 3rd period - Snap shot by Linden Vey.
12:20 of 3rd period - Shot Blocked by Jake McCabe.
12:36 of 3rd period - Snap shot by Tomas Kundratek.
12:36 of 3rd period - Shot Misses the Net.
12:38 of 3rd period - Slapshot by Jared Spurgeon.
12:38 of 3rd period - Deflect By Scott Wilson.
12:38 of 3rd period - Stopped by Mike Smith without a rebound.
12:39 of 3rd period - Zac Rinaldo wins face-off versus Noel Acciari in Saguenéens zone.
12:39 of 3rd period - Zac Rinaldo is hit by Michael Raffl.
12:49 of 3rd period - Wrist shot by Michael Raffl.
12:49 of 3rd period - Shot Misses the Net.
12:51 of 3rd period - Snap shot by Michael Raffl.
12:51 of 3rd period - Shot Misses the Net.
12:53 of 3rd period - Wrist shot by Michael Raffl.
12:53 of 3rd period - Shot Blocked by Luke Witkowski.
12:55 of 3rd period - Slapshot by Kevin Hayes.
12:55 of 3rd period - Stopped by Mike Smith without a rebound.
12:56 of 3rd period - Nikita Kucherov wins face-off versus Brendan Gaunce in Saguenéens zone.
13:33 of 3rd period - Snap shot by Mason Raymond.
13:33 of 3rd period - Shot Misses the Net.
13:50 of 3rd period - Linden Vey is hit by Craig Cunningham and loses puck.
14:27 of 3rd period - Slapshot by Carson Mcmillan.
14:27 of 3rd period - Stopped by Ben Scrivens with a rebound.
14:49 of 3rd period - Backhand shot by Michael Raffl.
14:49 of 3rd period - Shot Misses the Net.
14:51 of 3rd period - Wrist shot by Michael Raffl.
14:51 of 3rd period - Stopped by Mike Smith with a rebound.
14:53 of 3rd period - Snap shot by Michael Raffl.
14:53 of 3rd period - Stopped by Mike Smith with a rebound.
14:55 of 3rd period - Wrist shot by Noel Acciari.
14:55 of 3rd period - Stopped by Mike Smith with a rebound.
15:05 of 3rd period - Snap shot by A.J. Jenks.
15:05 of 3rd period - Stopped by Mike Smith without a rebound.
15:06 of 3rd period - Brendan Gaunce wins face-off versus Henrik Samuelsson in Saguenéens zone.
15:07 of 3rd period - Snap shot by Jimmy Hayes.
15:07 of 3rd period - Stopped by Mike Smith without a rebound.
15:08 of 3rd period - Henrik Samuelsson wins face-off versus Brendan Gaunce in Saguenéens zone.
15:21 of 3rd period - Slapshot by Tomas Kundratek.
15:21 of 3rd period - Stopped by Mike Smith without a rebound.
15:22 of 3rd period - Noel Acciari wins face-off versus Zac Rinaldo in Saguenéens zone.
15:23 of 3rd period - Snap shot by Michael Raffl.
15:23 of 3rd period - Shot Misses the Net.
15:47 of 3rd period - Tomas Kundratek is hit by Nikita Kucherov and loses puck.
16:11 of 3rd period - Minor Penalty to Calle Andersson for Hooking.
16:12 of 3rd period - Noel Acciari wins face-off versus Carson Mcmillan in Saguenéens zone.
16:39 of 3rd period - Luke Witkowski is hit by Jimmy Hayes and loses puck.
18:05 of 3rd period - Brendan Gaunce is hit by Luke Witkowski.
18:11 of 3rd period - Penalty to Calle Andersson is over, Calle Andersson is back on ice.
18:53 of 3rd period - Knights, Ben Scrivens is pulled from the net.
18:55 of 3rd period - Snap shot by Linden Vey.
18:55 of 3rd period - Shot Misses the Net.
18:58 of 3rd period - Icing by Zac Rinaldo.
18:59 of 3rd period - Tom Wilson wins face-off versus Zac Rinaldo in Saguenéens zone.
19:02 of 3rd period - Snap shot by Linden Vey.
19:02 of 3rd period - Deflect By Scott Wilson.
19:02 of 3rd period - Stopped by Mike Smith with a rebound.
19:08 of 3rd period - Slapshot by Linden Vey.
19:08 of 3rd period - Goal by Linden Vey - Saguenéens : 5 - Knights : 5.
19:08 of 3rd period - Ben Scrivens from Knights was sent back in the game.
19:09 of 3rd period - Henrik Samuelsson wins face-off versus Noel Acciari in neutral zone.
19:12 of 3rd period - Slapshot by Brett Lebda.
19:12 of 3rd period - Shot Misses the Net.
19:14 of 3rd period - Snap shot by Craig Cunningham.
19:14 of 3rd period - Stopped by Ben Scrivens without a rebound.
19:15 of 3rd period - Henrik Samuelsson wins face-off versus Noel Acciari in Knights zone.
19:16 of 3rd period - Wrist shot by Rhett Rakhshani.
19:16 of 3rd period - Stopped by Ben Scrivens with a rebound.
19:18 of 3rd period - Snap shot by Craig Cunningham.
19:18 of 3rd period - Stopped by Ben Scrivens without a rebound.
19:19 of 3rd period - Henrik Samuelsson wins face-off versus Noel Acciari in Knights zone.
19:26 of 3rd period - Snap shot by Craig Cunningham.
19:26 of 3rd period - Shot Misses the Net.
19:28 of 3rd period - Snap shot by Henrik Samuelsson.
19:28 of 3rd period - Shot Misses the Net.
19:34 of 3rd period - Slapshot by Craig Cunningham.
19:34 of 3rd period - Shot Misses the Net.
19:54 of 3rd period - Henrik Samuelsson is hit by Michael Raffl.
19:59 of 3rd period - Off-side.
Goals for this period are 1 for Saguenéens vs 4 for Knights.
Shots for this period are 12 for Saguenéens vs 22 for Knights.
Overtime #1
0:01 of 1st overtime period - Noel Acciari wins face-off versus Carson Mcmillan in neutral zone.
0:12 of 1st overtime period - Wrist shot by Michael Raffl.
0:12 of 1st overtime period - Stopped by Mike Smith without a rebound.
0:13 of 1st overtime period - Noel Acciari wins face-off versus Carson Mcmillan in Saguenéens zone.
0:14 of 1st overtime period - Slapshot by Michael Raffl.
0:14 of 1st overtime period - Shot Misses the Net.
1:31 of 1st overtime period - Off-side.
1:32 of 1st overtime period - Carson Mcmillan wins face-off versus Noel Acciari in neutral zone.
2:02 of 1st overtime period - Snap shot by Zac Rinaldo.
2:02 of 1st overtime period - Goal by Zac Rinaldo - Saguenéens : 6 - Knights : 5.
Goals for this period are 1 for Saguenéens vs 0 for Knights.
Shots for this period are 1 for Saguenéens vs 1 for Knights.
Back to the Top